 Dungeon Crawl Stone Soup version 0.26.1-2-gb8aa6d0cf2 (webtiles) character file.

Game seed: 7560525758519862454

186 Gadfly the Cudgeller (level 5, -6/49 HPs)
             Began as a Troll Artificer on Feb 24, 2021.
             Mangled by an orc warrior
             ... wielding a +0 battleaxe
              (11 damage)
             ... on level 2 of the Dungeon.
             The game lasted 00:04:01 (2502 turns).

Gadfly the Cudgeller (Troll Artificer)              Turns: 2502, Time: 00:04:02

Health: -6/49      AC:  7    Str: 21    XL:     5   Next: 38%
Magic:  4/4        EV: 10    Int:  7    God:
Gold:   158        SH:  0    Dex: 10    Spells: 4/4 levels left

rFire    . . .     SeeInvis .   a - +0 flail
rCold    + . .     Faith    .   (no shield)
rNeg     . . .     Spirit   .   b - +1 robe
rPois    .         Reflect  .   (helmet restricted)
rElec    .         Harm     .   (no cloak)
rCorr    .         Rampage  .   (gloves unavailable)
Will     .....                  (boots unavailable)
Stlth    +.........             (no amulet)
HPRegen  0.56/turn              j - ring of protection from cold
MPRegen  0.09/turn              (no ring)

@: no status effects
A: large, unfitting armour, claws 3, regeneration 1, shaggy fur 1, tough skin 3
a: no special abilities


You were on level 2 of the Dungeon.
You visited 1 branch of the dungeon, and saw 3 of its levels.

You collected 158 gold pieces.

Inventory:

Hand Weapons
 a - a +0 flail (weapon)
Armour
 b - a +1 robe (worn)
Jewellery
 h - an uncursed ring of see invisible {unknown}
 j - a ring of protection from cold (left claw)
Wands
 c - a wand of flame (11) (quivered)
 d - a wand of enslavement (21)
 e - a wand of random effects (8)
Scrolls
 f - 2 scrolls of fear
 k - a scroll of enchant armour
Potions
 g - a potion of mutation {unknown}
 i - a potion of brilliance {unknown}


   Skills:
 + Level 2.0 Fighting
 * Level 2.8 Maces & Flails
 * Level 2.5 Armour
 - Level 1.9 Dodging
 - Level 0.3 Stealth
 - Level 2.1 Evocations


You had 4 spell levels left.
You didn't know any spells.
Your spell library was empty.

Dungeon Overview and Level Annotations

Branches:
Dungeon (3/15)

Altars:
Makhleb
Nemelex Xobeh
Okawaru
Qazlal
Trog
Uskayaw
Vehumet
Zin
The Shining One

Annotations:
D:3 Sigmund


Innate Abilities, Weirdness & Mutations

You are too large for most types of armour.
You have claws for hands.
Your natural rate of healing is unusually fast.
You are covered in fur. (AC +1)
You have extremely tough skin. (AC +3)


Message History

Press: ? - help, Shift-Dir - straight line, f - orc warrior
Aim: an orc warrior, wielding a +0 battleaxe and wearing a +0 plate armour The orc warrior seems to speed up.
The orc warrior hits you with a +0 battleaxe.
Aiming: Random Effects
Press: ? - help, Shift-Dir - straight line, f/p - orc warrior
Aim: an orc warrior, wielding a +0 battleaxe and wearing a +0 plate armour (fast)
The bolt of negative energy hits the orc warrior!
The orc warrior is drained!
The orc warrior is heavily wounded.
The orc warrior hits you with a +0 battleaxe!
The orc warrior hits you but does no damage.
You hit the orc warrior but do no damage.
The orc warrior is heavily wounded.
The orc warrior hits you with a +0 battleaxe!!
* * * LOW HITPOINT WARNING * * *
You barely miss the orc warrior.
The orc warrior is heavily wounded.
The orc warrior hits you with a +0 battleaxe!
You die...

#...............##..........##..#
#.##........................##...
#.###...........>............#...
#..#......#.#...#...............#
#..#........#................(#.#
#..)......###................#...
#.##.......##>)..............#...
..##........###.o._..............
####.....##.....@...<............
# #.....######..................
# #.....# #.................. #
####### #..................
#..................
#..................
######.............
##..........#[ ############.


You could see an orc warrior (fast, drained).

Vanquished Creatures
  2 orc wizards (D:3)
  3 gnolls
  5 adders
  2 oozes
  3 worms
  A leopard gecko (D:1)
  2 orcs (D:3)
  5 bats
  3 giant cockroaches
  4 goblins
  4 hobgoblins
  2 frilled lizards
  5 kobolds
  4 rats
45 creatures vanquished.

Notes
Turn   | Place    | Note
-------+----------+-------------------------------------------
     0 | D:1      | Gadfly the Troll Artificer began the quest for the Orb.
     0 | D:1      | Reached XP level 1. HP: 18/18 MP: 0/0
   232 | D:1      | Reached skill level 1 in Fighting
   232 | D:1      | Reached XP level 2. HP: 27/27 MP: 1/1
   363 | D:1      | Reached skill level 1 in Maces & Flails
   505 | D:1      | Reached skill level 1 in Armour
   982 | D:2      | Reached XP level 3. HP: 3/33 MP: 2/2
  1095 | D:2      | Found a burning altar of Makhleb.
  1228 | D:2      | Found a bloodstained altar of Trog.
  1234 | D:2      | Found a radiant altar of Vehumet.
  1234 | D:2      | Found a sparkling altar of Nemelex Xobeh.
  1234 | D:2      | Found a hide-covered altar of Uskayaw.
  1234 | D:2      | Found a stormy altar of Qazlal.
  1236 | D:2      | Found a glowing golden altar of the Shining One.
  1237 | D:2      | Found a glowing silver altar of Zin.
  1238 | D:2      | Found an iron altar of Okawaru.
  1473 | D:3      | Reached XP level 4. HP: 30/41 MP: 3/3
  1716 | D:3      | Noticed Sigmund
  1756 | D:2      | HP: 1/42 [gnoll/+0 flail (3)]
  1760 | D:2      | Reached XP level 5. HP: 1/49 MP: 4/4
  2465 | D:3      | Noticed an orc warrior
  2502 | D:2      | Mangled by an orc warrior

Illustrated notes

Levels and vault maps discovered:
D:1:      minmay_arrival_diagonal_passages, layout_loops_ring
D:2:      layout_rooms, minitemple, bloody_makhleb
D:3:      layout_basic, uniq_sigmund

Skill      XL: |  1  2  3  4  5 |
---------------+----------------+-----
Fighting       | 1 2 |  2.0
Maces & Flails | 1 2 |  2.8
Armour         | 1 2 |  2.5
Dodging        | |  1.9
Stealth        | |  0.3
Evocations     | |  2.1

Action                   |  1- 3 |  4- 6 || total
-------------------------+-------+-------++-------
Melee: Whip              |   112 |       ||   112
       Club              |     3 |       ||     3
       Mace              |    14 |    68 ||    82
       Flail             |       |    30 ||    30
Evoke: Wand              |     3 |     8 ||    11
  Use: Scroll            |     5 |       ||     5
       Potion            |     2 |       ||     2
 Stab: Sleeping          |     2 |       ||     2
Armor: Robe              |    76 |    51 ||   127
Dodge: Dodged            |    84 |    66 ||   150
